 Dungeon Crawl Stone Soup version 0.30-a0-778-g2ef04afb54 (console) character file.

Game seed: 14788065438069202007

539 rlgrobin the Cleaver (level 7, -5/57 HPs)
             Began as a Meteoran Fighter on Feb 15, 2023.
             Was an Initiate of Cheibriados.
             Slain by Pikel
             ... wielding a +1 whip of electrocution
              (20 damage)
             ... on level 5 of the Dungeon.
             The game lasted 00:04:28 (750 turns).

rlgrobin the Cleaver (Meteoran Fighter)              Turns: 750, Time: 00:04:29

Health: -5/57      AC:  6    Str: 21    XL:     7   Next: 81%
Magic:  8/8        EV:  9    Int: 10    God:    Cheibriados [......]
Gold:   267        SH: 10    Dex: 15    Spells: 6/6 levels left

rFire   . . .      SeeInvis .    a - +0 war axe
rCold   . . .      Faith    .    c - +0 buckler
rNeg    . . .      Spirit   .    b - +0 scale mail
rPois   .          Reflect  +    (no helmet)
rElec   .          Harm     .    (no cloak)
rCorr   .          Rampage  .    (no gloves)
Will    .....                    (no boots) Stlth
                                 h - amulet of reflection
HPRegen 0.29/turn                (no ring)
MPRegen 0.11/turn                (no ring)

@: glowing, very slow
A: sense surroundings 1, otherworldly, glowing, explore regen
a: Renounce Religion


You were on level 5 of the Dungeon.
You worshipped Cheibriados.
Cheibriados was noncommittal.
You visited 2 branches of the dungeon, and saw 6 of its levels.
You also visited: Ossuary.

You collected 267 gold pieces.

Inventory:

Hand Weapons
 a - a +0 war axe (weapon)
 k - a +2 battleaxe of freezing
Armour
 b - a +0 scale mail (worn)
 c - a +0 buckler (worn)
Jewellery
 h - an amulet of reflection (around neck)
Wands
 d - a wand of iceblast (8)
Scrolls
 j - a scroll of enchant weapon {unknown}
 n - a scroll of amnesia
 p - a scroll of poison {unknown}
 s - a scroll of teleportation
Potions
 e - 5 potions of curing
 f - a potion of resistance {unknown}
 g - 2 potions of flight
 i - 2 potions of might
 l - 2 potions of magic {unknown}
 m - a potion of brilliance {unknown}
 o - a potion of ambrosia {unknown}
 q - a potion of degeneration {unknown}
 r - a potion of cancellation {unknown}


   Skills:
 - Level 3.2 Fighting
 + Level 9.3 Axes
 - Level 3.6 Armour
 - Level 3.6 Shields


You had 6 spell levels left.
You didn't know any spells.
Your spell library was empty.

Dungeon Overview and Level Annotations

Branches:
Dungeon (5/15) Zot: 3702   Temple (1/1) D:5 Zot: 880 Ossuary (visited)

Altars:
Ashenzari
Cheibriados
Dithmenos
Elyvilon
Fedhas
Gozag
Hepliaklqana
Kikubaaqudgha
Makhleb
Nemelex Xobeh
Okawaru
Qazlal
Trog
Vehumet
Wu Jian
Xom
Yredelemnul
Zin
The Shining One

Annotations:
D:5 Pikel


Innate Abilities, Weirdness & Mutations

You passively map a small area around you.
You are easily found by Zot.
You glow in the dark.
You regain HP and MP as you explore.


Message History

It is a scroll of amnesia.
You feel forgetful for a moment.
There is an open door here.
s - a scroll of teleportation You open the door.
Pikel and 3 lemures come into view.
Pikel is wielding a +1 whip of electrocution and wearing a +1 robe of positive energy.
Pikel shouts!
The lemure shouts! x3; You hear a shout!
Pikel says, "You'll make a fine lemure."
A lemure comes into view.
There is an open door here.
You hit the lemure.
The lemure is lightly wounded.
The lemure hits you.
You barely miss the lemure. You completely miss the lemure.
You block the lemure's attack. The lemure hits you.
You miss Pikel. You slash the lemure! The lemure hits you.
Pikel barely misses you.
You closely miss the lemure.
The lemure is moderately wounded.
You barely miss Pikel. You block the lemure's attack. You block Pikel's attack.
You hit the lemure but do no damage.
The lemure is moderately wounded.
You closely miss Pikel. You block the lemure's attack.
Pikel closely misses you.
You hit Pikel but do no damage. You hit the lemure but do no damage.
You block the lemure's attack.
Pikel hits you with a +1 whip of electrocution!
You slash Pikel!
Pikel is moderately wounded.
You slash the lemure!
Pikel hits you with a +1 whip of electrocution.
The lemure hits you!
You slash Pikel!
Pikel is heavily wounded.
You miss the lemure. The lemure hits you!
Pikel hits you with a +1 whip of electrocution!
* * * LOW HITPOINT WARNING * * *
You are electrocuted!!
You die...

, ,, #...###.##.... *#...
, #...###.####.. +... ,
#..........##. , ,#... ,
#..........8## ##..., ,
#..###.###..# *
#....#+###..###.###..##
#....#................#
,,#...5#................#
, #...5K@............<..#
#...5#5...............# *
#....#...............[# ,
*
*#....##.######..####)##
,#..... ### ###..##..)..
#..... *.....#..... , ,
#..... * ,#.....+.....
#..... #+########'#.....
* .................


You could see Pikel and 4 lemures.

Vanquished Creatures
  2 centaurs (D:5)
  A phantom (D:5)
  A scorpion (D:5)
  2 orc priests (D:5)
  Ijyb (D:3)
  8 mummies (Ossuary)
  2 gnolls (D:4)
  2 adders
  A white imp (D:3)
  2 orcs (D:5)
  A giant cockroach (D:3)
  2 gnoll zombies (Ossuary)
  A goblin (D:3)
  A hobgoblin (D:3)
  3 hobgoblin zombies (Ossuary)
  2 kobolds
  3 kobold zombies (Ossuary)
  A rat (D:2)
36 creatures vanquished.

Notes
Turn   | Place    | Note
-------+----------+-------------------------------------------
     0 | D:1      | rlgrobin the Meteoran Fighter began the quest for the Orb.
     0 | D:1      | Reached XP level 1. HP: 19/19 MP: 2/2
    34 | D:3      | Found a glowing silver altar of Zin.
    35 | D:3      | Noticed an angel
    61 | D:3      | Noticed Ijyb
    83 | D:3      | Killed Ijyb
    84 | D:3      | Reached skill level 4 in Axes
    84 | D:3      | Reached XP level 2. HP: 5/26 MP: 3/3
    84 | D:3      | Reached XP level 3. HP: 6/31 MP: 4/4
   195 | D:4      | Reached XP level 4. HP: 36/38 MP: 5/5
   196 | D:4      | Reached skill level 5 in Axes
   210 | D:5      | Entered Level 5 of the Dungeon
   243 | D:5      | Noticed a scorpion
   254 | D:5      | Killed a scorpion
   255 | D:5      | Reached skill level 6 in Axes
   255 | D:5      | Reached XP level 5. HP: 41/45 MP: 6/6
   270 | D:5      | Noticed a centaur
   277 | D:5      | Killed a centaur
   278 | D:5      | Reached skill level 7 in Axes
   278 | D:5      | Reached XP level 6. HP: 28/51 MP: 7/7
   295 | D:5      | Found a staircase to the Ecumenical Temple.
   301 | Temple   | Entered the Ecumenical Temple
   308 | Temple   | Became a worshipper of Cheibriados the Contemplative
   321 | D:5      | Noticed a centaur
   332 | D:5      | Killed a centaur
   489 | D:5      | Reached skill level 8 in Axes
   489 | D:5      | Reached XP level 7. HP: 55/57 MP: 8/8
   532 | D:5      | Found a sand-covered staircase.
   537 | Ossuary  | Entered an ossuary
   562 | Ossuary  | Reached skill level 9 in Axes
   741 | D:5      | Noticed Pikel
   750 | D:5      | Slain by Pikel

Illustrated notes

Levels and vault maps discovered:
D:1:      evilmike_arrival_hilbert_curve, layout_basic,
          hellmonk_ecumenical_altar_watching_god
D:2:      layout_basic, uniq_robin
D:3:      layout_loops_cross, zin_angel, st_stairs_4, minivault_27, uniq_ijyb
D:4:      layout_rooms, serial_glass, glass_columns_c, glass_columns_a,
          glass_columns_a, glass_columns_a, glass_columns_b, glass_columns_a
D:5:      layout_gridville, minmay_temple_entry_enclosed_plants,
          lightli_ossuary_entry_decrepit_ruins, uniq_grinder, uniq_pikel
Temple:   nicolae_temple_no_exploring_needed

Skill      XL: |  1  2  3  4  5  6  7 |
---------------+----------------------+-----
Axes           | 4 6 7 8 9 |  9.3
Fighting       | |  3.2
Armour         | |  3.6
Shields        | |  3.6

Action                     |  1- 3 |  4- 6 |  7- 9 || total
---------------------------+-------+-------+-------++-------
  Melee: War axe           |    34 |    28 |    43 ||   105
  Evoke: Wand              |       |       |     8 ||     8
    Use: Potion            |     1 |       |       ||     1
         Scroll            |       |     4 |     1 ||     5
 Armour: Scale mail        |     9 |    20 |     7 ||    36
  Dodge: Dodged            |     7 |     6 |     9 ||    22
  Block: Buckler           |    17 |    16 |    19 ||    52
         Reflection        |       |     7 |       ||     7

Table legend: (Time is in decaauts)
 A = Elapsed time spent in this place.
 B = Non-inter-level travel time spent in this place.
 C = Inter-level travel time spent in this place.
 D = Time resting spent in this place.
 E = Time spent auto-exploring this place.
 F = Levels seen in this place.
 G = Mean time per level.
                   A        B        C        D        E       F      G
               +--------+--------+--------+--------+--------+-----+--------+
         Total |    868 |    868 |      0 |      0 |      0 |   7 |  124.0 |
       Dungeon |    636 |    636 |      0 |      0 |      0 |   5 |  127.2 |
        Temple |     16 |     16 |      0 |      0 |      0 |   1 |   16.0 |
       Ossuary |    215 |    215 |      0 |      0 |      0 |   1 |  215.0 |
               +--------+--------+--------+--------+--------+-----+--------+

Top non-repeatable levels by time:
     D:5: 412 daAuts
 Ossuary: 215 daAuts
     D:3: 124 daAuts
     D:4: 74 daAuts
     D:2: 20 daAuts
  Temple: 16 daAuts
     D:1: 5 daAuts
